AoeStats
← Virchow

Arabia

509108143Analyzed
1v1 RM · 8d ago on Sep 25, 2026· 75m 40s· 2 players
Game mode
Random Map
Map size
Tiny (2 player)
Population
200
Speed
Normal
Resources
Standard
Victory
Conquest
Starting age
Dark Age
Ending age
Imperial Age
RankedLock teamsTeams togetherTeam positionsShared explorationLock speedFull tech treeHidden civsTurbo modeCheats
Victory
Defeat
🇹🇼 Franks · Taiwan
1290
+15
🇩🇪 Ethiopians · Germany
1265
-15
jj89
9:11 Feudal Age
9:42 Man-at-Arms
10:56 Arson
11:10 Loom
15:27 Double-Bit Axe
15:26 Horse Collar
20:47 Castle Age
20:33 Town Watch
25:30 Squires
25:33 Scale Mail Armor
26:36 Chain Mail Armor
26:48 Bow Saw
26:41 Heavy Plow
28:13 Forging
36:27 Imperial Age
35:53 Ballistics
35:26 Fletching
36:14 Iron Casting
38:15 Chemistry
37:29 Fletching
38:41 Wheelbarrow
38:36 Halberdier
47:44 Bodkin Arrow
49:37 Plate Mail Armor
50:07 Blast Furnace
49:31 Bracer
52:17 Hand Cart
57:56 Two-Man Saw
Virchow
6:29 Loom
9:43 Feudal Age
11:32 Double-Bit Axe
15:41 Wheelbarrow
17:20 Fletching
20:20 Gold Mining
24:16 Castle Age
24:52 Scale Barding Armor
24:57 Forging
25:50 Gold Shaft Mining
26:31 Chain Barding Armor
26:34 Husbandry
29:41 Bodkin Arrow
33:17 Bow Saw
34:21 Padded Archer Armor
34:24 Stone Mining
37:28 Imperial Age
35:31 Town Watch
36:46 Ordonnance Companies
38:01 Ballistics
38:23 Leather Archer Armor
37:52 Cavalier
39:01 Cranequins
41:24 Heavy Mounted Crossbowman
41:45 Light Cavalry
44:41 Chemistry
45:51 Plate Barding Armor
47:36 Conscription
48:27 Iron Casting
50:20 Blast Furnace
49:04 Treadmill Crane
54:21 Scale Mail Armor
54:31 Elite Throwing Axeman
55:54 Chain Mail Armor
58:01 Plate Mail Armor
58:56 Capped Ram
71:10 Gambesons
71:26 Squires
71:11 Arson
Connection lost

Rejoining the realm…

Still unreachable

The connection could not be restored.

Session expired

The server has moved on; the page needs a fresh start.